 Dungeon Sprint DCSS version 0.30.1-11-g7821555f0a (webtiles) character file.

Game seed: 6009545777210720926

360 Heoruswealwe the Spear-Bearer (level 6, -14/63 HPs)
             Began as a Minotaur Fighter on Oct 31, 2023.
             Was an Initiate of Gozag.
             Demolished by a two-headed ogre
             ... wielding a +0 giant spiked club
              (20 damage)
             ... in the Dungeon (Sprint IX: "|||||||||||||||||||||||||||||").
             The game lasted 00:01:15 (140 turns).

Heoruswealwe the Spear-Bearer (Minotaur Fighter)     Turns: 140, Time: 00:01:16

Health: -14/63     AC:  8    Str: 23    XL:     6   Next: 38%
Magic:  5/5        EV:  9    Int:  5    God:    Gozag
Gold:   0          SH:  4    Dex:  9    Spells: 5/5 levels left

rFire   . . .        a - +0 trident
rCold   . . .        d - +0 buckler
rNeg    . . .        c - +0 scale mail
rPois   .            (helmet restricted)
rElec   .            (no cloak)
rCorr   .            (no gloves)
SInv    .            (no boots)
Will    .....        (no amulet) Stlth
                     (no ring)
HPRegen 0.30/turn    (no ring)
MPRegen 0.09/turn

%: no teleportation
@: gold aura
A: horns 2, retaliatory headbutt
a: Renounce Religion, Potion Petition, Call Merchant, Bribe Branch


You were in the Dungeon.
You worshipped Gozag.
Gozag was noncommittal.
You visited 1 branch

Inventory:

Hand Weapons
 a - a +0 trident (weapon)
Armour
 c - a +0 scale mail (worn)
 d - a +0 buckler (worn)
Jewellery
 k - a +2 ring of protection
 l - a +3 ring of intelligence
Wands
 h - a wand of roots (10)
Scrolls
 j - 2 scrolls of blinking
Potions
 b - a potion of might
 e - 5 potions of curing
 f - 3 potions of heal wounds
 g - a potion of haste
 i - a potion of berserk rage


   Skills:
 + Level 9.0 Fighting
 * Level 11.8 Polearms
 + Level 9.0 Armour
 - Level 3.6 Shields


You had 5 spell levels left.
You didn't know any spells.
Your spell library was empty.

Dungeon Overview and Level Annotations

Branches:
Dungeon (1/1)

Altars:
Cheibriados
Dithmenos
Elyvilon
Fedhas
Gozag
Hepliaklqana
Kikubaaqudgha
Makhleb
Nemelex Xobeh
Okawaru
Qazlal
Ru
Sif Muna
Trog
Uskayaw
Vehumet
Wu Jian
Xom
Yredelemnul
Zin
The Shining One
Jiyva
Lugonu


Innate Abilities, Weirdness & Mutations

You have a pair of horns on your head.
You reflexively headbutt those who attack you in melee.


Message History

You block the wyvern's attack.
You closely miss the wyvern. You headbutt the wyvern.
The wyvern is lightly wounded.
The two-headed ogre is distracted by your dazzling golden aura.
The wyvern bites you.
The two-headed ogre shouts in stereo!
You hit the wyvern.
The wyvern is moderately wounded.
The two-headed ogre is no longer distracted by gold.
The wyvern barely misses you. You furiously retaliate!
You headbutt the wyvern. The wyvern closely misses you.
You barely miss the wyvern. Your headbutt misses the wyvern.
The wyvern is moderately wounded.
The wyvern bites you!
* * * LOW HITPOINT WARNING * * *
You barely miss the wyvern.
The wyvern is moderately wounded.
The wyvern barely misses you.
You puncture the wyvern!
The wyvern is heavily wounded.
The wyvern barely misses you.
You hit the wyvern but do no damage.
The wyvern is heavily wounded.
You block the wyvern's attack.
You hit the wyvern.
The wyvern is severely wounded.
The wyvern closely misses you. You furiously retaliate!
You headbutt the wyvern!
You kill the wyvern!
Your Fighting skill gained 2 levels and is now at level 9!
Your Polearms skill increases to level 11!
Your Armour skill gained 2 levels and is now at level 9!
You have reached level 6!
You completely miss the two-headed ogre.
You headbutt the two-headed ogre.
The two-headed ogre is lightly wounded.
The two-headed ogre barely misses you.
The two-headed ogre hits you with a +0 giant spiked club!!
You die...
Your body crumbles into a pile of gold.

$
▓?▓
$
▓)▓
$
▓.▓
▓[▓
$
▓[▓
▓[▓
$
▓.▓
▓.▓
$
▓@▓
$
▓O▓
$ $
▓.▓
$
▓{▓
$ $
▓W▓
$
▓.▓
$
▓.▓
▓+▓


You could see a two-headed ogre and a wraith.

Vanquished Creatures
  A wyvern (D)
  A phantom (D)
  A gnoll sergeant (D)
  A howler monkey (D)
  An iguana (D)
  2 adders (D)
  A worm (D)
  An endoplasm (D)
  2 goblins (D)
  A ball python (D)
  A kobold (D)
13 creatures vanquished.

Notes
Turn   | Place    | Note
-------+----------+-------------------------------------------
     0 | D        | Heoruswealwe the Minotaur Fighter began the quest for the
                  | Orb.
     0 | D        | Reached XP level 1. HP: 19/19 MP: 0/0
    11 | D        | Reached skill level 3 in Polearms
    51 | D        | Noticed an iguana
    51 | D        | Noticed a phantom
    56 | D        | Reached skill level 4 in Polearms
    56 | D        | Reached XP level 2. HP: 28/28 MP: 1/1
    57 | D        | Reached skill level 5 in Polearms
    64 | D        | Reached skill level 5 in Fighting
    64 | D        | Reached skill level 6 in Polearms
    64 | D        | Reached skill level 5 in Armour
    64 | D        | Reached XP level 3. HP: 12/36 MP: 2/2
    68 | D        | Killed a phantom
    69 | D        | Reached skill level 8 in Polearms
    69 | D        | Reached XP level 4. HP: 17/45 MP: 3/3
    74 | D        | Found a snail-covered altar of Cheibriados.
    74 | D        | Found a shadowy altar of Dithmenos.
    74 | D        | Found a white marble altar of Elyvilon.
    74 | D        | Found a blossoming altar of Fedhas.
    74 | D        | Found an opulent altar of Gozag.
    75 | D        | Found a hazy altar of Hepliaklqana.
    76 | D        | Found a viscous altar of Jiyva.
    77 | D        | Found an ancient bone altar of Kikubaaqudgha.
    78 | D        | Found a corrupted altar of Lugonu.
    79 | D        | Found a burning altar of Makhleb.
    80 | D        | Found a sparkling altar of Nemelex Xobeh.
    81 | D        | Found an iron altar of Okawaru.
    82 | D        | Became a worshipper of Gozag Ym Sagoz the Greedy
    83 | D        | Found a stormy altar of Qazlal.
    84 | D        | Found a sacrificial altar of Ru.
    85 | D        | Found a shimmering blue altar of Sif Muna.
    86 | D        | Found a bloodstained altar of Trog.
    87 | D        | Found a hide-covered altar of Uskayaw.
    88 | D        | Found a radiant altar of Vehumet.
    89 | D        | Found an ornate altar of the Wu Jian Council.
    90 | D        | Found a shimmering altar of Xom.
    91 | D        | Found a basalt altar of Yredelemnul.
    92 | D        | Found a glowing silver altar of Zin.
    93 | D        | Found a glowing golden altar of the Shining One.
   117 | D        | Noticed a gnoll sergeant
   117 | D        | Noticed a wyvern
   117 | D        | Noticed a two-headed ogre
   117 | D        | Noticed a wraith
   121 | D        | Reached skill level 9 in Polearms
   121 | D        | Reached XP level 5. HP: 33/52 MP: 4/4
   132 | D        | Reached skill level 10 in Polearms
   139 | D        | Killed a wyvern
   140 | D        | Reached skill level 11 in Polearms
   140 | D        | Reached XP level 6. HP: 6/63 MP: 5/5
   140 | D        | Demolished by a two-headed ogre

Illustrated notes

Levels and vault maps discovered:
D:        linesprint [early_d, line_temple, items_1, d_10, items_2, lair_1,
          lair_end, items_3, orc_1, orc_end, items_4, d_15, swamp_1, shoals_1,
          snake_1, spider_1, d_20, vaults_1, items_5, swamp_end, shoals_end,
          snake_end, spider_end, vaults_end, d_27, items_6, zot_1, zot_end,
          crypt_end, forest_end, elf_end, slime_end, tomb_end, abyss_end,
          pan_hell_end]

Skill      XL: |  1  2  3  4  5 |
---------------+----------------+-----
Polearms       | 4 6 8 9 11 | 11.8
Fighting       | 4 5 6 7 9 |  9.0
Armour         | 4 5 6 7 9 |  9.0
Shields        | |  3.6

Action                     |  1- 3 |  4- 6 || total
---------------------------+-------+-------++-------
  Melee: Trident           |    28 |    22 ||    50
         Headbutt          |     2 |     4 ||     6
   Stab: Distracted        |       |     1 ||     1
 Armour: Scale mail        |     4 |     2 ||     6
  Dodge: Dodged            |    11 |     7 ||    18
  Block: Buckler           |     4 |     6 ||    10
